 Dungeon Crawl Stone Soup version 0.18.1-6-gd335043 (webtiles) character file.

44314 epen the Grappler (level 13, -2/123 HPs)
             Began as a Troll Gladiator on May 17, 2016.
             Was a High Priest of Qazlal.
             Slain by a black mamba (6 damage)
             ... on level 7 of the Lair of Beasts.
             The game lasted 00:32:38 (13949 turns).

epen the Grappler (Troll Gladiator)                Turns: 13949, Time: 00:32:39

Health: -2/123     AC: 13    Str: 28    XL:     13   Next: 95%
Magic:  19/19      EV: 16    Int:  4    God:    Qazlal [*****.]
Gold:   843        SH:  9    Dex: 15    Spells: 0 memorised, 12 levels left

rFire  . . .     SeeInvis .       - Unarmed
rCold  . . .     Gourm    +     J - +2 robe of vines {NoDeviceHeal Regen+7}
rNeg   . . .     Faith    .     (no shield)
rPois  .         Spirit   .     (helmet restricted)
rElec  .         Dismiss  .     (no cloak)
rCorr  .         Reflect  +     (gloves unavailable)
SustAt .         Harm     .     (boots unavailable)
MR     .....                    n - +2 amulet of reflection
Stlth  +.........               z - +3 ring of protection
                                Q - +3 ring of dexterity

@: lethally poisoned (-2 -> -3), protected from physical damage, repel missiles,
not resistant to hostile enchantments, very unstealthy
A: unfitting armour, claws 3, fast metabolism 3, gourmand, regeneration 3,
shaggy fur 1, tough skin 2
a: Upheaval, Elemental Force, Disaster Area, Renounce Religion


You were on level 7 of the Lair of Beasts.
You worshipped Qazlal.
Qazlal was extremely pleased with you.
You were very full.

You visited 2 branches of the dungeon, and saw 18 of its levels.

You collected 1184 gold pieces.
You spent 341 gold pieces at shops.

Inventory:

Missiles
 c - 6 throwing nets (quivered)
Armour
 w - a +1 robe of fire resistance
 J - the +2 robe of vines (worn) {NoDeviceHeal Regen+7}
   (You found it on level 8 of the Dungeon)

   It increases your rate of regeneration.
 M - a +0 troll leather armour
 N - a +1 hat
 S - the +3 shield of Jimeagh {Int+2}
   (You found it on level 2 of the Lair of Beasts)

   It affects your intelligence (+2).
Jewellery
 n - a +2 amulet of reflection (around neck)
 x - a +5 ring of intelligence {unknown}
 z - a +3 ring of protection (right claw)
 K - an uncursed ring of wizardry
 Q - a +3 ring of dexterity (left claw)
 X - a cursed ring of loudness {unknown}
Wands
 u - a wand of slowing (43/48)
 A - a wand of acid (7/15)
 T - a wand of iceblast (9/15)
Scrolls
 e - 2 scrolls of enchant armour
 g - 14 scrolls of remove curse
 i - 4 scrolls of enchant weapon
 k - 6 scrolls of identify
 l - 2 scrolls of fog
 m - 6 scrolls of amnesia
 p - 4 scrolls of recharging
 r - 6 scrolls of teleportation
 t - a scroll of immolation
 I - 3 scrolls of magic mapping
 L - 2 scrolls of random uselessness
 V - a scroll of brand weapon
Potions
 h - 14 potions of curing
 o - a potion of cancellation
 q - 4 potions of lignification
 C - 5 potions of haste
 E - a potion of flight
 F - 5 potions of invisibility
 O - 3 potions of heal wounds
 W - 2 potions of brilliance
Books
 a - a book of the Sky

   Spells                             Type                      Level
   a - Summon Lightning Spire         Summoning/Air                4
   b - Airstrike                      Air                          4
   c - Silence                        Hexes/Air                    5
   d - Deflect Missiles               Charms/Air                   6
   e - Conjure Ball Lightning         Conjuration/Air              6
   f - Tornado                        Air                          9
 b - a book of Necromancy

   Spells                             Type                      Level
   a - Pain                           Necromancy                   1
   b - Animate Skeleton               Necromancy                   1
   c - Vampiric Draining              Necromancy                   3
   d - Regeneration                   Charms/Necromancy            3
   e - Animate Dead                   Necromancy                   4
   f - Control Undead                 Necromancy                   4
 y - a book of Fire

   Spells                             Type                      Level
   a - Ignite Poison                  Fire/Transmutation/Poison    3
   b - Fireball                       Conjuration/Fire             5
   c - Bolt of Fire                   Conjuration/Fire             6
   d - Delayed Fireball               Conjuration/Fire             7
   e - Ring of Flames                 Charms/Fire                  7
Miscellaneous
 s - a box of beasts
Comestibles
 d - 8 bread rations
 f - 5 meat rations
 j - 25 fruits
 v - 2 slices of pizza
 D - 10 beef jerkies
 P - 12 royal jellies


   Skills:
 + Level 6.9 Fighting
 + Level 5.8 Throwing
 + Level 6.8 Armour
 * Level 10.4 Dodging
 * Level 3.9 Shields
 * Level 11.7 Unarmed Combat
 * Level 10.0 Invocations
 + Level 3.7 Evocations


You had 12 spell levels left.
You didn't know any spells.

Dungeon Overview and Level Annotations

Branches:
Dungeon (11/15)            Temple (0/1) D:4            Lair (7/8) D:10
  Swamp (0/4) Lair:3       Spider (0/4) Lair:6          Orc (0/2) D:9
  Slime: Lair:6-8

Altars:
Dithmenos
Nemelex Xobeh
Qazlal
Yredelemnul

Shops:
D:5 [   D:6 (   D:8 !   D:9 ([   D:11 *(


Innate Abilities, Weirdness & Mutations

You are too large for most types of armour.
You have claws for hands.
Your metabolism is lightning-fast.
You like to eat raw meat.
You regenerate.
You are covered in fur (AC +1).
You have very tough skin (AC +2).


Message History

The blink frog is severely wounded.
You feel sick. The black mamba completely misses you. The crocodile bites you.
The blink frog hits you but does no damage.
You block the black mamba's attack. You block the sheep's attack.
You closely miss the blink frog.
The blink frog is severely wounded.
You feel sick. The black mamba bites you!
* * * LOW HITPOINT WARNING * * *
The blink frog hits you!
* * * LOW HITPOINT WARNING * * *
The crocodile bites you!
* * * LOW HITPOINT WARNING * * *
Okay, then.
Drink which item? (? for menu, Esc to quit)
You feel better. The black mamba bites you.
* * * LOW HITPOINT WARNING * * *
You are poisoned.
The black mamba poisons you! The sheep bites you but does no damage.
The blink frog barely misses you. The black mamba bites you.
You die...

#....
.....
##....
....# ....
####§.#
##.§Yt.#
#...@S⌠#
##§F§§†#
#§#.§§..#
#...#....#
... .
#...#
.../..
#.... ....
.. .....
.....#.
.#...


You could see a black mamba, a blink frog, a crocodile and a sheep.

Vanquished Creatures
  Gastronok (Lair:2)
  Maud (Lair:5)
  Snorg (Lair:6)
  The ghost of CrazyArbalest the Quickloader, a journeyman MiHu of Okawaru (D:11)
  A hydra (Lair:4)
  An unseen horror (D:10)
  A swamp dragon (Lair:3)
  3 hill giants
  A griffon (Lair:6)
  4 elephants (Lair:3)
  8 black mambas
  A gargoyle (D:11)
  A torpor snail (Lair:3)
  8 spiny frogs
  3 rime drakes
  5 komodo dragons
  A jumping spider (Lair:6)
  A polar bear (Lair:5)
  A queen bee (Lair:1)
  Prince Ribbit (Lair:2)
  3 trolls
  A two-headed ogre (D:8)
  9 blink frogs
  A vampire (D:9)
  2 wyverns (D:9)
  47 yaks
  A wraith (D:10)
  A hungry ghost (D:10)
  A steam dragon (Lair:5)
  7 hippogriffs
  A basilisk (Lair:6)
  A mottled dragon (D:11)
  3 wargs (D:10)
  11 porcupines
  13 water moccasins
  3 sky beasts
  2 ice beasts
  2 necrophages
  A black bear (D:7)
  2 orc warriors (D:9)
  7 ogres
  10 wolves
  2 centaurs (D:10)
  14 crocodiles
  4 big kobolds
  16 giant frogs
  A wyvern skeleton (D:6)
  3 scorpions
  36 killer bees
  7 howler monkeys
  4 electric eels
  2 crimson imps
  2 jellies
  2 centaur zombies
  A giant frog zombie (D:11)
  2 quasits (D:10)
  6 hounds
  4 orc priests
  A centaur skeleton (D:9)
  14 orc wizards
  2 giant frog skeletons
  12 worker ants
  9 iguanas
  32 sheep
  2 hound zombies (D:8)
  3 hound skeletons
  22 gnolls
  70 river rats
  12 adders
  2 shadow imps
  2 oozes
  4 worms
  3 dart slugs
  7 giant geckos
  54 orcs
  2 ball pythons
  6 bats
  2 giant cockroaches
  10 hobgoblins
  6 jackals
  9 quokkas
  10 giant newts
  11 goblins
  A jackal skeleton (D:9)
  20 kobolds
  14 rats
  A bush (Lair:5)
  A butterfly (Lair:2)
  36 fungi
  14 plants
674 creatures vanquished.

Vanquished Creatures (collateral kills)
  4 hydras
  A blink frog (Lair:5)
  A killer bee (Lair:1)
  A river rat (Lair:5)
7 creatures vanquished.

Vanquished Creatures (others)
  Nessos (Lair:6)
  A crocodile (Lair:1)
  A river rat (Lair:1)
  2 bushes (Lair:5)
  6 fungi
  6 plants
17 creatures vanquished.

Grand Total: 698 creatures vanquished

Notes
Turn   | Place    | Note
--------------------------------------------------------------
     0 | D:1      | epen the Troll Gladiator began the quest for the Orb.
     0 | D:1      | Reached XP level 1. HP: 19/19 MP: 0/0
    77 | D:1      | Reached XP level 2. HP: 28/28 MP: 1/1
   514 | D:1      | Reached XP level 3. HP: 35/35 MP: 2/2
   839 | D:1      | Reached skill level 1 in Armour
   839 | D:1      | Reached XP level 4. HP: 11/42 MP: 3/3
  1013 | D:2      | Found a faded altar to an unknown god.
  1040 | D:2      | Became a worshipper of Qazlal Stormbringer
  1040 | D:2      | Reached * piety under Qazlal
  1202 | D:2      | Reached XP level 5. HP: 49/49 MP: 4/4
  1323 | D:2      | Reached skill level 4 in Unarmed Combat
  1671 | D:3      | Reached ** piety under Qazlal
  1797 | D:3      | Noticed an ice beast
  1806 | D:3      | Killed an ice beast
  1806 | D:3      | Reached XP level 6. HP: 31/59 MP: 5/5
  2602 | D:4      | Reached skill level 5 in Unarmed Combat
  2717 | D:4      | Found a basalt altar of Yredelemnul.
  2783 | D:4      | Reached XP level 7. HP: 53/66 MP: 6/6
  2869 | D:4      | Reached skill level 1 in Invocations
  2878 | D:4      | Found a staircase to the Ecumenical Temple.
  3507 | D:5      | Entered Level 5 of the Dungeon
  3595 | D:5      | Reached *** piety under Qazlal
  3705 | D:5      | Found Hianaddi's Antique Armour Boutique.
  3883 | D:5      | Found a shadowy altar of Dithmenos.
  4292 | D:6      | Reached skill level 5 in Dodging
  4292 | D:6      | Reached XP level 8. HP: 50/75 MP: 8/8
  4401 | D:6      | Reached skill level 6 in Unarmed Combat
  4529 | D:6      | Found a stormy altar of Qazlal.
  4573 | D:6      | Found Vienenul's Antique Weapon Boutique.
  4609 | D:6      | Gained mutation: You are clumsy. (Dex -2) [mutagenic meat]
  4610 | D:6      | Gained mutation: You are partially covered in icy blue scales (AC +1). [mutagenic meat]
  4611 | D:6      | Gained mutation: Your movements are slightly less encumbered by armour (ER -2). [mutagenic meat]
  4612 | D:6      | Gained mutation: You tend to lose your temper in combat. [mutagenic meat]
  4613 | D:6      | Gained mutation: You regenerate. [mutagenic meat]
  5141 | D:7      | Reached XP level 9. HP: 37/84 MP: 10/10
  5217 | D:7      | Reached skill level 7 in Unarmed Combat
  5276 | D:7      | Reached **** piety under Qazlal
  5554 | D:7      | Found a sparkling altar of Nemelex Xobeh.
  5961 | D:8      | Found Lyacyin's Distillery.
  5969 | D:8      | Bought a potion of curing for 42 gold pieces
  6350 | D:9      | Reached skill level 5 in Invocations
  6483 | D:9      | Reached skill level 8 in Unarmed Combat
  6501 | D:9      | Reached XP level 10. HP: 84/94 MP: 11/13
  6580 | D:9      | Found Milunarr's Weapon Shoppe.
  6588 | D:9      | Found a staircase to the Orcish Mines.
  6589 | D:9      | Found Zenot's Armour Shoppe.
  6923 | D:10     | Entered Level 10 of the Dungeon
  7018 | D:10     | Reached ***** piety under Qazlal
  7121 | D:10     | Noticed a hill giant
  7134 | D:10     | Killed a hill giant
  7134 | D:10     | Reached skill level 5 in Fighting
  7180 | D:10     | Reached skill level 9 in Unarmed Combat
  7200 | D:10     | Found a staircase to the Lair.
  7218 | D:10     | Killed an unseen horror
  7493 | D:10     | Noticed a hill giant
  7500 | D:10     | Killed a hill giant
  7500 | D:10     | Reached XP level 11. HP: 83/102 MP: 13/15
  7659 | D:10     | Lost mutation: You are partially covered in icy blue scales (AC +1). [potion of cure mutation]
  7659 | D:10     | Lost mutation: You are clumsy. (Dex -2) [potion of cure mutation]
  7659 | D:10     | Lost mutation: You tend to lose your temper in combat. [potion of cure mutation]
  7659 | D:10     | Lost mutation: Your movements are slightly less encumbered by armour (ER -2). [potion of cure mutation]
  7722 | D:11     | Noticed a hill giant
  7738 | D:11     | Killed a hill giant
  7798 | D:11     | Reached skill level 5 in Armour
  7815 | D:11     | Noticed CrazyArbalest's ghost (journeyman MiHu)
  7839 | D:11     | Killed CrazyArbalest's ghost
  7956 | D:11     | Found Besy's Weapon Shop.
  8104 | D:11     | Found a basalt altar of Yredelemnul.
  8262 | D:11     | Found Kuodady's General Store.
  8270 | D:11     | Bought a potion of curing for 39 gold pieces
  8270 | D:11     | Bought a box of beasts for 260 gold pieces
  8595 | Lair:1   | Entered Level 1 of the Lair of Beasts
  8677 | Lair:1   | Reached skill level 10 in Unarmed Combat
  8684 | Lair:1   | Reached skill level 1 in Evocations
  8756 | Lair:1   | Noticed a five-headed hydra
  8760 | Lair:1   | Killed a five-headed hydra
  8890 | Lair:1   | Reached XP level 12. HP: 107/113 MP: 17/17
  9513 | Lair:2   | Noticed Gastronok
  9537 | Lair:2   | Killed Gastronok
  9643 | Lair:2   | Noticed Prince Ribbit
  9678 | Lair:2   | Killed Prince Ribbit
  9712 | Lair:2   | Got a distressingly furry shield
 10340 | Lair:3   | Reached skill level 1 in Shields
 10419 | Lair:3   | Reached skill level 5 in Throwing
 10599 | Lair:3   | Reached skill level 11 in Unarmed Combat
 10676 | Lair:3   | Reached ****** piety under Qazlal
 10710 | Lair:3   | Found a staircase to the Swamp.
 10714 | Lair:3   | Reached XP level 13. HP: 113/122 MP: 19/19
 12183 | Lair:5   | Identified the +3 shield of Jimeagh {Int+2} (You found it on level 2 of the Lair of Beasts)
 12216 | Lair:5   | Reached skill level 10 in Dodging
 12527 | Lair:5   | Noticed Maud
 12550 | Lair:5   | Killed Maud
 12996 | Lair:6   | Noticed Snorg
 13011 | Lair:6   | Killed Snorg
 13084 | Lair:6   | Found a hole to the Spider Nest.
 13096 | Lair:6   | Noticed Nessos
 13113 | Lair:6   | Killed Nessos
 13799 | Lair:7   | Reached skill level 10 in Invocations
 13948 | Lair:7   | HP: 3/123 [crocodile (12)]
 13949 | Lair:7   | Slain by a black mamba

Skill      XL: |  1  2  3  4  5  6  7  8  9 10 11 12 13 |
---------------+----------------------------------------+-----
Dodging        | 3 4 5 7 8 9 10 | 10.4
Armour         | 1 2 3 4 5 6 |  6.8
Fighting       | 2 3 4 5 6 |  6.9
Unarmed Combat | 4 5 6 8 9 10 11 | 11.7
Invocations    | 2 3 5 6 8 9 10 | 10.0
Throwing       | 3 4 5 |  5.8
Evocations     | 1 2 3 |  3.7
Shields        | 2 3 |  3.9

Action                   |  1- 3 |  4- 6 |  7- 9 | 10-12 | 13-15 || total
-------------------------+-------+-------+-------+-------+-------++-------
Melee: Unarmed           |    83 |   197 |   400 |   867 |   403 ||  1950
       Punch             |     1 |     5 |    13 |    42 |    51 ||   112
Invok: Upheaval          |       |       |     2 |     2 |       ||     4
       Elemental Force   |       |       |       |     2 |     5 ||     7
       Disaster Area     |       |       |       |       |     1 ||     1
Evoke: Wand              |       |       |       |     1 |       ||     1
  Use: Scroll            |       |       |       |    19 |     6 ||    25
       Potion            |       |       |       |     1 |     1 ||     2
 Stab: Sleeping          |     2 |       |       |       |       ||     2
  Eat: Chunk             |     9 |    19 |    41 |    49 |    28 ||   146
Armor: Robe              |    31 |    43 |   102 |   216 |   102 ||   494
       Skin              |       |       |     3 |       |       ||     3
Dodge: Dodged            |    51 |    75 |   193 |   457 |   262 ||  1038
       Deflected         |       |       |     1 |    10 |     1 ||    12
Block: Other             |       |    22 |    94 |   354 |   223 ||   693
       Reflection        |       |     1 |     2 |     5 |     4 ||    12
